 Dungeon Crawl Stone Soup version 0.30.1-11-g7821555f0a (webtiles) character file.

Game seed: 5213071492229143310

147 pkoi the Conjurer (level 5, 0/38 HPs)
             Began as a Draconian Conjurer on Nov 10, 2023.
             Slain by a cerulean imp
             ... wielding a +0 spear
             ... summoned by Natasha
              (1 damage)
             ... on level 3 of the Dungeon.
             The game lasted 00:03:12 (3398 turns).

pkoi the Conjurer (Draconian Conjurer)              Turns: 3398, Time: 00:03:12

Health: 0/38       AC:  5    Str: 10    XL:     5   Next: 8%
Magic:  2/9        EV: 12    Int: 20    God:
Gold:   61         SH:  0    Dex:  9    Spells: 4/10 levels left

rFire   . . .        k - +2 spear (heavy)
rCold   . . .        (no shield)
rNeg    . . .        (body armour unavailable)
rPois   .            (helmet restricted)
rElec   .            (no cloak)
rCorr   .            (no gloves)
SInv    .            (no boots)
Will    .....        (no amulet)
Stlth   ++           b - ring of wizardry
HPRegen 0.26/turn    (no ring)
MPRegen 0.11/turn

%: wizardry (x1)
@: no status effects
A: AC +5, unfitting armour, cold-blooded
a: no special abilities


You were on level 3 of the Dungeon.
You visited 1 branch of the dungeon, and saw 3 of its levels.

You collected 61 gold pieces.

Inventory:

Hand Weapons
 a - a +0 whip
 k - a +2 heavy spear (weapon)
Jewellery
 b - a ring of wizardry (left hand)
Scrolls
 c - a scroll of noise {unknown}
 d - 2 scrolls of teleportation {unknown}
 f - 2 scrolls of identify {unknown}
 i - a scroll of immolation {unknown}
 j - a scroll of butterflies {unknown}
Potions
 e - 2 potions of degeneration {unknown}
 g - a potion of attraction {unknown}
 h - a potion of magic


   Skills:
 - Level 1.7 Dodging
 - Level 1.7 Stealth
 - Level 3.0 Spellcasting
 + Level 5.3 Conjurations
 + Level 1.3 Air Magic
 + Level 1.3 Poison Magic


You had 4 spell levels left.
You knew the following spells:

 Your Spells              Type           Power      Damage    Failure   Level
a - Magic Dart            Conj           96%        1d7       1%          1
b - Searing Ray           Conj           48%        2d6       1%          2
c - Mephitic Cloud        Conj/Pois/Air  13%        N/A       6%          3

Your spell library contained the following spells:

 Spells                   Type           Power      Damage    Failure   Level
 Sting                    Tmut/Pois      20%        1d4       4%          1
 Poisonous Vapours        Pois/Air       16%        N/A       4%          2
 Dazzling Flash           Conj/Hex       26%        N/A       6%          3
 Call Imp                 Summ           6%         N/A       9%          2
 Fulminant Prism          Conj/Hex       6%         3d7       19%         4
 Iskenderun's Mystic Bla  Conj/Tloc      13%        2d5       19%         4
 Olgreb's Toxic Radiance  Pois           8%         N/A       32%         4
 Summon Forest            Summ/Tloc      1%         N/A       80%         5
 Eringya's Noxious Bog    Tmut/Pois      2%         N/A       99%         6
 Summon Hydra             Summ           1%         N/A       100%        7


Dungeon Overview and Level Annotations

Branches:
Dungeon (3/15)

Altars:

Annotations:
D:3 Natasha


Innate Abilities, Weirdness & Mutations

Your plain brown scales are hard. (AC +5)
You cannot fit into any form of body armour.
You are cold-blooded and may be slowed by cold attacks.


Message History

The gnoll hits you from afar with a +2 heavy spear!
Unknown command.
Aiming: Magic Dart (safe; 1% risk of failure)
Press: ? - help, Q - select action, (/) - cycle Shift-Dir - straight line, f - gnoll
Aim: a gnoll, wielding a +2 heavy spear (severely wounded, 100% to hit)
Okay, then.
Unknown command.
Aiming: Magic Dart (safe; 1% risk of failure)
Press: ? - help, Q - select action, (/) - cycle Shift-Dir - straight line, f - gnoll
Aim: a gnoll, wielding a +2 heavy spear (severely wounded, 100% to hit)
The magic dart hits the gnoll.
The gnoll is almost dead.
The gnoll hits you from afar with a +2 heavy spear.
* * * LOW HITPOINT WARNING * * *
Unknown command.
Aiming: Magic Dart (safe; 1% risk of failure)
Press: ? - help, Q - select action, (/) - cycle Shift-Dir - straight line, f/p - gnoll
Aim: a gnoll, wielding a +2 heavy spear (almost dead, 100% to hit)
The magic dart hits the gnoll.
You kill the gnoll!
Unknown command.
Items here: ))) ††.
k - a +2 heavy spear Natasha casts a spell.
k - a +2 heavy spear (weapon)
You closely miss Natasha. Natasha claws you but does no damage.
The cerulean imp hits you but does no damage.
Natasha barely misses you.
You hit Natasha but do no damage. The cerulean imp closely misses you.
Natasha mumbles some strange words.
The cerulean imp closely misses you.
Unknown command.
You hit Natasha.
Natasha is moderately wounded.
Natasha zaps a wand.
The puff of flame hits you!
* * * LOW HITPOINT WARNING * * *
The cerulean imp barely misses you. Natasha claws you.
* * * LOW HITPOINT WARNING * * *
The cerulean imp hits you from afar with a +0 spear.
You die...

#.######.....#.....### ##.. ##.#
#.#####.....######### #.. ...#
#<# #####.........# #.. ...# #.#
#######.######'.# #.. ...#
###.###.......#≈....#.# ###
...####.......#####.#≈....###
...#..........#.....#≈....#######
...#..........#.#####≈≈≈≈≈#......
####.......(..5h@)..+######...>..
#....#'###.5#######.###.......
#....#.# #......g.............
#....#.# ##.#.#.#.............
#....#.# #.#.###.........####
######.# #.#............##### #.#
#.#.####..###......# #.#
#.#.####g.#.#....#.# #.#
#.#.......#.#.#.....


You could see Natasha and 2 cerulean imps.

Vanquished Creatures
  Natasha (D:3)
  4 gnolls (D:3)
  2 adders
  8 endoplasms
  3 giant cockroaches
  A goblin (D:3)
  10 hobgoblins
  8 jackals
  3 quokkas
  5 ball pythons
  6 bats
  A frilled lizard (D:3)
  2 kobolds (D:1)
  4 rats
58 creatures vanquished.

Notes
Turn   | Place    | Note
-------+----------+-------------------------------------------
     0 | D:1      | pkoi the Draconian Conjurer began the quest for the Orb.
     0 | D:1      | Reached XP level 1. HP: 14/14 MP: 3/3
   178 | D:1      | Reached XP level 2. HP: 5/20 MP: 3/5
   389 | D:1      | Learned a level 2 spell: Searing Ray
   925 | D:1      | Reached XP level 3. HP: 26/26 MP: 4/6
  1565 | D:2      | Reached skill level 5 in Conjurations
  2149 | D:3      | Noticed Natasha
  2549 | D:3      | Learned a level 3 spell: Mephitic Cloud
  2961 | D:3      | Killed Natasha
  2962 | D:3      | Reached XP level 4. HP: 32/33 MP: 2/8
  3298 | D:3      | Reached skill level 1 in Air Magic
  3298 | D:3      | Reached skill level 1 in Poison Magic
  3338 | D:3      | Noticed Natasha
  3388 | D:3      | Reached XP level 5. HP: 20/38 MP: 3/9
  3398 | D:3      | HP: 1/38 [Natasha (1)]
  3398 | D:3      | Slain by a cerulean imp

Illustrated notes

Levels and vault maps discovered:
D:1:      spicycebolla_green_bress_n_ham, layout_loops_ring,
          supply_closet_lemuel
D:2:      layout_loops_corners
D:3:      layout_basic, chequers_serial_rivers_room_a, hex_tiny, uniq_natasha

Skill      XL: |  1  2  3  4 |
---------------+-------------+-----
Conjurations   | 5 |  5.3
Air Magic      | 1 |  1.3
Poison Magic   | 1 |  1.3
Spellcasting   | 3 |  3.0
Dodging        | |  1.7
Stealth        | |  1.7

Action                     |  1- 3 |  4- 6 || total
---------------------------+-------+-------++-------
  Melee: Unarmed           |    30 |       ||    30
         Tailslap          |     3 |       ||     3
         Whip              |     2 |     5 ||     7
         Spear             |       |     3 ||     3
   Cast: Magic Dart        |    96 |    20 ||   116
         Searing Ray       |     1 |     2 ||     3
    Use: Potion            |     1 |       ||     1
 Armour: Skin              |    19 |     5 ||    24
  Dodge: Dodged            |    44 |    18 ||    62
